 Dungeon Crawl Stone Soup version 0.26.1-11-gd32895ea62 (webtiles) character file.

Game seed: 9224350436462068271

833 Zeld the Cleaver (level 7, -7/57 HPs)
             Began as a Minotaur Berserker on May 25, 2021.
             Was a Believer of Trog.
             Killed from afar by a white imp (10 damage)
             ... with a puff of frost
             ... on level 5 of the Dungeon.
             The game lasted 00:03:50 (6301 turns).

Zeld the Cleaver (Minotaur Berserker)               Turns: 6301, Time: 00:03:51

Health: -7/57      AC:  1    Str: 23    XL:     7   Next: 65%
Magic:  6/6        EV: 12    Int:  4    God:    Trog [**....]
Gold:   222        SH:  0    Dex: 10    Spells: 6/6 levels left

rFire    . . .     SeeInvis .   a - +0 hand axe
rCold    . . .     Faith    .   (no shield)
rNeg     . . .     Spirit   .   (no armour)
rPois    .         Reflect  .   (helmet restricted)
rElec    .         Harm     .   (no cloak)
rCorr    .         Rampage  .   (no gloves)
Will     ++...                  c - +0 pair of boots
Stlth    +.........             (no amulet)
HPRegen  1.19/turn              (no ring)
MPRegen  0.10/turn              (no ring)

@: lethally poisoned (-7 -> -8), berserk cooldown, regenerating, slowed, very
slow
A: retaliatory headbutt, horns 2
a: Renounce Religion, Berserk, Trog's Hand


You were on level 5 of the Dungeon.
You worshipped Trog.
Trog was pleased with you.
You visited 2 branches of the dungeon, and saw 6 of its levels.

You collected 222 gold pieces.

Inventory:

Hand Weapons
 a - a +0 hand axe (weapon)
Armour
 c - a +0 pair of boots (worn)
Jewellery
 e - an uncursed ring of fire {unknown}
Wands
 m - a wand of random effects (7)
Scrolls
 d - 5 scrolls of remove curse
 f - 4 scrolls of teleportation
 o - a scroll of enchant weapon
 u - a scroll of magic mapping
Potions
 b - 4 potions of curing
 g - a potion of haste
 h - 3 potions of flight
 j - 2 potions of brilliance {unknown}
 k - a potion of heal wounds {unknown}
 n - a potion of might {unknown}
 q - a potion of attraction {unknown}
 t - a potion of degeneration {unknown}


   Skills:
 - Level 3.6 Fighting
 * Level 10.9 Axes
 - Level 2.4 Armour
 - Level 2.1 Dodging


You had 6 spell levels left.
You didn't know any spells.
Your spell library was empty.

Dungeon Overview and Level Annotations

Branches:
Dungeon (5/15)             Temple (1/1) D:5

Altars:
Cheibriados
Elyvilon
Fedhas
Gozag
Hepliaklqana
Kikubaaqudgha
Makhleb
Okawaru
Qazlal
Ru
Sif Muna
Uskayaw
Vehumet
Xom
Yredelemnul
Zin
The Shining One


Innate Abilities, Weirdness & Mutations

You reflexively headbutt those who attack you in melee.
You have a pair of horns on your head.


Message History

You feel yourself slow down.
* * * LOW HITPOINT WARNING * * *
You feel sick. The white imp barely misses you.
You hit the white imp.
You headbutt the white imp, but do no damage.
The white imp is heavily wounded.
* * * LOW HITPOINT WARNING * * *
You feel sick. The white imp gestures at you. The puff of frost hits you.
* * * LOW HITPOINT WARNING * * *
Your skin crawls.
You feel strong-willed.
You feel sick. The white imp closely misses you. x2
You hit the white imp.
The white imp is severely wounded.
You feel sick. The white imp gestures at you. The puff of frost hits you!
You die...

.#.###.#...####.####.#..##..###..
#.....#...####.####.#........<..
#.....#..........#.......#####..
#.....#...####.#.#.......# #...
#.....#........#.#.......# #...
#..)...........#.#.......# #...
#######..#######.#.......# ##.#
##.....)..#.###.##### ...
#......†..@5...... ...
#..#...[....####.#
.....#......=...#
#.##..#.....####.# . ...#.....#
.# ..........# # ............
#.#####.##


You could see a white imp.

Vanquished Creatures
  Sigmund (D:2)
  An ogre (D:5)
  A centaur (D:5)
  3 scorpions
  A bullfrog zombie (D:5)
  2 hounds (D:4)
  An orc wizard (D:5)
  10 gnolls
  5 adders
  A white imp (D:4)
  2 oozes
  An adder skeleton (D:4)
  4 worms
  2 dart slugs
  A leopard gecko (D:4)
  7 orcs
  2 giant cockroaches
  7 goblins
  6 hobgoblins
  2 quokkas
  3 ball pythons (D:1)
  8 bats
  2 frilled lizards
  7 kobolds
  8 rats
88 creatures vanquished.

Notes
Turn   | Place    | Note
-------+----------+-------------------------------------------
     0 | D:1      | Zeld the Minotaur Berserker began the quest for the Orb.
     0 | D:1      | Reached XP level 1. HP: 19/19 MP: 0/0
    17 | D:1      | Reached skill level 4 in Axes
   237 | D:1      | Reached XP level 2. HP: 26/26 MP: 1/1
   860 | D:1      | Reached skill level 5 in Axes
  1263 | D:2      | Reached XP level 3. HP: 31/31 MP: 2/2
  1280 | D:2      | Reached ** piety under Trog
  1631 | D:2      | Reached skill level 6 in Axes
  1631 | D:2      | Reached XP level 4. HP: 29/39 MP: 3/3
  2287 | D:2      | Noticed Sigmund
  2296 | D:2      | Killed Sigmund
  2297 | D:2      | Reached skill level 8 in Axes
  2297 | D:2      | Reached XP level 5. HP: 30/45 MP: 4/4
  2835 | D:3      | Reached XP level 6. HP: 51/51 MP: 5/5
  3856 | D:4      | Reached skill level 9 in Axes
  3880 | D:5      | Entered Level 5 of the Dungeon
  4156 | D:5      | Found a glowing golden altar of the Shining One.
  5014 | D:5      | Reached XP level 7. HP: 22/57 MP: 6/6
  5411 | D:5      | Reached skill level 10 in Axes
  5815 | D:5      | Found a staircase to the Ecumenical Temple.
  5824 | Temple   | Entered the Ecumenical Temple
  6294 | D:5      | Reached *** piety under Trog
  6299 | D:5      | HP: 1/57 [white imp/puff of frost (6)]
  6301 | D:5      | Killed from afar by a white imp

Illustrated notes

Levels and vault maps discovered:
D:1:      dpeg_arrival_arbitrary_b, layout_basic, kennysheep_doodads
D:2:      layout_loops_ring, uniq_sigmund
D:3:      layout_rooms, hangedman_decor_points,
          amcnicky_mini_rare_corridor_liquid
D:4:      layout_rooms, grunt_ministairs_3
D:5:      layout_basic, general_overflow_altar,
          chequers_temple_overflow_minitemple, minmay_temple_entry_butterflies
Temple:   eino_temple_rhombus

Skill      XL: |  1  2  3  4  5  6  7 |
---------------+----------------------+-----
Axes           | 4 5 6 8 9 10 | 10.9
Fighting       | |  3.6
Armour         | |  2.4
Dodging        | |  2.1

Action                   |  1- 3 |  4- 6 |  7- 9 || total
-------------------------+-------+-------+-------++-------
Melee: Hand axe          |    72 |   120 |    48 ||   240
       Headbutt          |     6 |    23 |     7 ||    36
Invok: Berserk           |     1 |     4 |     3 ||     8
       Trog's Hand       |       |       |     2 ||     2
  Use: Scroll            |       |       |     9 ||     9
Armor: Skin              |     6 |     4 |       ||    10
Dodge: Dodged            |    49 |    55 |    23 ||   127
